Map: Backwater LE

Players

Neeb

  • Race: Protoss Protoss
  • Spawn Location: 5:00

SpeCial - Winner!

  • Race: Terran Terran
  • League: Master
  • Spawn Location: 11:00

Event: IEM Season 12 - PyeongChang

VOD

Have the link to the VOD?

Description

Time

  • Played on: Feb. 4, 2018, 5:27 p.m.
  • Length: 6:02

All games in this series

Show
View Real Time Build Order
Export as new Build Order

Neeb Protoss 

Build Orders: 1 Gate Expand, Oracle Opening, Phoenix Opening 

Get SALT Encoding   

  12  0:00  Probe  
  13  0:12  Probe  
  14  0:18  Pylon  
  14  0:25  Probe  
  15  0:37  Probe (Chrono Boost)  
  15  0:39  Gateway  
  16  0:48  Probe (Chrono Boost)  
  17  0:50  Assimilator  
  17  0:53  Probe (Chrono Boost)  
  18  1:03  Probe  
  19  1:15  Probe  
  20  1:28  Nexus  
  20  1:38  Cybernetics Core  
  20  1:40  Probe  
  20  1:45  Assimilator  
  21  1:52  Probe  
  22  1:56  Pylon  
  22  2:04  Probe  
  23  2:12  Adept (Chrono Boost)  
  25  2:16  Probe  
  26  2:26  Stargate  
  26  2:29  Probe  
  27  2:31  Adept (Chrono Boost)  
  29  2:41  Probe x2  
  31  2:51  Adept (Chrono Boost)  
  31  2:53  Probe x2  
  34  3:04  Warp Gate  
  34  3:05  Probe x2  
  36  3:11  Oracle (Chrono Boost)  
  36  3:17  Probe x2  
  41  3:24  Pylon  
  41  3:29  Probe x2  
  43  3:40  Phoenix (Chrono Boost)  
  45  3:41  Probe  
  45  3:42  Probe  
  47  3:53  Probe  
  47  3:54  Probe  
  46  4:05  Probe  
  46  4:06  Probe  
  46  4:10  Phoenix (Chrono Boost)  
  46  4:14  Nexus  
  46  4:17  Pylon, Probe  
  48  4:19  Probe  
  50  4:26  Phoenix (Chrono Boost)  
  50  4:30  Probe  
  50  4:31  Probe  
  54  4:34  Pylon x2  
  54  4:39  Assimilator  
  54  4:42  Assimilator  
  54  4:48  Shield Battery  
  54  4:49  Shield Battery  
  54  4:50  Pylon, Phoenix (Chrono Boost)  
  56  4:56  Shield Battery  
  56  5:00  Pylon  
  56  5:08  Phoenix (Chrono Boost), Pylon  
  56  5:11  Cybernetics Core  
  58  5:25  Phoenix (Chrono Boost)  
  58  5:27  Gateway  
  54  5:42  Phoenix (Chrono Boost)  
  56  5:46  Pylon x2  
Show
View Real Time Build Order
Export as new Build Order

SpeCial Terran - Winner!

Build Orders:  

Get SALT Encoding   

  12  0:00  SCV  
  13  0:13  SCV  
  14  0:18  Supply Depot  
  14  0:25  SCV  
  15  0:32  Refinery  
  15  0:39  SCV  
  16  0:51  SCV  
  16  0:56  Barracks  
  17  1:04  SCV  
  18  1:16  SCV  
  19  1:28  SCV  
  20  1:44  Orbital Command, Reaper  
  21  1:57  Command Center  
  21  2:07  Factory  
  21  2:10  SCV  
  22  2:18  Barracks Reactor, Refinery  
  22  2:24  Supply Depot  
  22  2:26  SCV  
  23  2:46  SCV  
  23  2:48  Factory  
  24  2:57  Marine x2  
  24  2:58  SCV  
  25  3:07  Cyclone  
  25  3:09  Supply Depot  
  29  3:12  SCV  
  29  3:15  Marine  
  29  3:17  Marine  
  31  3:30  SCV  
  31  3:31  Supply Depot  
  32  3:38  Marine, Cyclone  
  36  3:42  Marine  
  37  3:52  Cyclone  
  41  3:55  SCV  
  41  4:01  Orbital Command  
  41  4:04  Marine  
  38  4:12  Cyclone  
  41  4:17  SCV  
  41  4:20  Marine  
  41  4:22  Marine  
  43  4:34  Cyclone  
  46  4:44  Cyclone  
  46  4:45  Marine x2  
  51  4:53  SCV x2  
  53  5:02  Marine x2  
  53  5:06  Cyclone  
  58  5:11  Supply Depot  
  58  5:23  Marine x2  
  56  5:32  SCV x2  
  56  5:40  Marine  
  56  5:41  Marine  
  58  5:49  Bunker  

Tags
 
Add a new tag
Caveats
  • Supply blocks, unpowered buildings, or Contaminate may cause inaccurate times.
  • Supply counts are checked every 10 seconds.